 Dungeon Crawl Stone Soup version 0.20-b1-18-gaa2fd62 (webtiles) character file.

5467 potatolord6000 the Blocker (level 10, -2/92 HPs)
             Began as a Deep Dwarf Fighter on May 24, 2017.
             Was an Elder of Cheibriados.
             Slain by an orc warrior
             ... wielding a +0 war axe of venom
              (4 damage)
             ... on level 1 of the Orcish Mines.
             The game lasted 00:35:14 (5533 turns).

potatolord6000 the Blocker (Deep Dwarf Fighter)     Turns: 5533, Time: 00:35:14

Health: -2/92      AC: 16    Str: 33    XL:     10   Next: 41%
Magic:  11/11      EV:  9    Int: 19    God:    Cheibriados [****..]
Gold:   438        SH: 14    Dex: 21    Spells: 20/20 levels left

rFire    + . .     SeeInvis .   a - +4 war axe
rCold    . . .     Gourm    .   c - +1 shield
rNeg     . . .     Faith    .   p - +4 ring mail {rF+}
rPois    .         Spirit   .   l - +2 hat
rElec    .         Reflect  .   (no cloak)
rCorr    .         Harm     .   (no gloves)
MR       +....                  r - +2 pair of boots
Stlth    +.........             (no amulet)
Regen    0.0/turn               e - +2 ring of intelligence
MPRegen  0.2/turn               (no ring)

@: lethally poisoned (-2 -> -31), non-regenerating, very slow
A: damage resistance, heal wounds, sense surroundings 2, no regeneration
a: Heal Wounds, Bend Time, Temporal Distortion, Slouch, Renounce Religion


You were on level 1 of the Orcish Mines.
You worshipped Cheibriados.
Cheibriados was greatly pleased with you.
You were full.

You visited 3 branches of the dungeon, and saw 11 of its levels.
You also visited: Sewer and Bailey.

You collected 438 gold pieces.

Inventory:

Hand Weapons
 a - a +4 war axe (weapon)
Armour
 c - a +1 shield (worn)
 l - a +2 hat (worn)
 p - a +4 ring mail of fire resistance (worn)
 r - a +2 pair of boots (worn)
Jewellery
 e - a +2 ring of intelligence (left hand)
Wands
 t - a wand of enslavement (13/24)
Scrolls
 b - 2 scrolls of blinking
 d - 4 scrolls of remove curse
 f - a scroll of fog {unknown}
 h - a scroll of identify
 i - a scroll of fear
 j - 3 scrolls of teleportation
 n - a scroll of recharging
 x - a scroll of random uselessness {unknown}
Potions
 m - a potion of berserk rage
 u - 2 potions of mutation {unknown}
Books
 s - a book of Clouds

   Spells                             Type                      Level
   a - Poisonous Vapours              Poison/Air                   2
   b - Mephitic Cloud                 Conjuration/Poison/Air       3
   c - Conjure Flame                  Conjuration/Fire             3
   d - Freezing Cloud                 Conjuration/Ice/Air          6
   e - Ring of Flames                 Charms/Fire                  7
Comestibles
 g - 7 fruits
 k - 2 bread rations
 o - 2 royal jellies
 q - 3 meat rations


   Skills:
 + Level 6.9 Fighting
 + Level 7.8 Axes
 + Level 8.2 Armour
 + Level 8.4 Shields
 + Level 5.9 Spellcasting


You had 20 spell levels left.
You didn't know any spells.

Dungeon Overview and Level Annotations

Branches:
Dungeon (9/15)             Temple (1/1) D:4            Lair (0/6) D:8
    Orc (1/2) D:9

Altars:
Ashenzari
Cheibriados
Dithmenos
Elyvilon
Fedhas
Gozag
Hepliaklqana
Kikubaaqudgha
Nemelex Xobeh
Okawaru
Qazlal
Ru
Sif Muna
Trog
Uskayaw
Vehumet
Xom
Yredelemnul
Zin
The Shining One

Shops:
D:4 ?


Innate Abilities, Weirdness & Mutations

You are resistant to damage.
You can heal yourself by infusing magical energy.
You passively map the area around you.
You do not regenerate.


Message History

The orc warrior hits you with an enchanted short sword!!
* * * LOW HITPOINT WARNING * * *
The orc hits you but does no damage.
The orc warrior hits you with a long sword of slicing.
* * * LOW HITPOINT WARNING * * *
The orc warrior hits you with a war axe of venom!!
* * * LOW HITPOINT WARNING * * *
The orc hits you but does no damage.
You are more poisoned.
You feel much better.
You feel very sick.
You block the orc's attack. x2; The orc barely misses you.
The orc warrior hits you but does no damage.
The orc warrior hits you with a hand axe!!
* * * LOW HITPOINT WARNING * * *
The orc hits you.
* * * LOW HITPOINT WARNING * * *
You block the orc's attack. You block the orc warrior's attack.
The orc warrior hits you with a war axe of venom.
You die...

, *
....###....... *
####...#.......#
, ...
........... ,
.... #...#.....
,, * ,*
*#...##.<..# , ,
,, * * **
.##..#....#...#
, , ..#..8....#
,.# ** , ,
,..#..ooo.##* *
, .o#..oo@o#* ,
* * .o#..oooo.#
,..#..8.$.## *
.##..#....
#...##...# ,,
,....#*#...# ,
,...# ##.## ###*
, ## , * ,, ,,


You could see 2 orc warlords, 4 orc warriors and 6 orcs.

Vanquished Creatures
  A two-headed ogre (D:9)
  The ghost of murphy the Cleaver, a novice MiBe of Trog (D:8)
  Psyche (D:9)
  2 trolls
  A hippogriff (D:8)
  A wyvern (D:9)
  A yak (D:8)
  A basilisk (D:8)
  A steam dragon (D:8)
  A water moccasin (D:7)
  Purgy (Sewer)
  2 ice beasts
  3 orc warriors
  An ogre (D:4)
  A phantom (D:9)
  A sky beast (D:7)
  4 centaurs
  A crocodile (D:8)
  A bullfrog (D:6)
  2 scorpions
  A killer bee (D:4)
  3 howler monkeys
  3 crimson imps
  2 hounds
  A quasit (D:7)
  A gnoll shaman (D:8)
  6 orc priests
  A bullfrog skeleton (D:5)
  2 jellies
  6 orc wizards
  An iguana (D:7)
  3 worker ants
  19 gnolls
  14 adders
  A shadow imp (D:8)
  An adder zombie (D:5)
  An adder skeleton (D:5)
  A worm (D:5)
  A dart slug (D:5)
  A leopard gecko (D:8)
  45 orcs
  4 ball pythons
  4 bats
  7 giant cockroaches
  5 goblins
  14 hobgoblins
  9 jackals
  3 quokkas
  4 frilled lizards
  17 kobolds
  A leopard gecko skeleton (D:7)
  3 rats
213 creatures vanquished.

Notes
Turn   | Place    | Note
-------+----------+-------------------------------------------
     0 | D:1      | potatolord6000 the Deep Dwarf Fighter began the quest for the Orb.
     0 | D:1      | Reached XP level 1. HP: 20/20 MP: 1/1
   173 | D:2      | Found a blossoming altar of Fedhas.
   213 | D:2      | Reached XP level 2. HP: 25/27 MP: 2/2
   305 | D:2      | Reached XP level 3. HP: 31/33 MP: 4/4
   349 | D:2      | Reached skill level 1 in Spellcasting
   538 | D:2      | Reached XP level 4. HP: 36/40 MP: 5/5
   685 | D:3      | Reached XP level 5. HP: 49/49 MP: 7/7
   714 | D:3      | Found an iron altar of Okawaru.
   902 | D:4      | Found Hous's Magic Scroll Shoppe.
   902 | D:4      | Found a staircase to the Ecumenical Temple.
   949 | Temple   | Entered the Ecumenical Temple
  1276 | D:4      | Found a sacrificial altar of Ru.
  1358 | D:4      | Noticed an ogre
  1425 | D:4      | Killed an ogre
  1425 | D:4      | Reached XP level 6. HP: 43/57 MP: 6/8
  1673 | D:5      | Entered Level 5 of the Dungeon
  1886 | D:5      | Reached XP level 7. HP: 43/64 MP: 6/8
  1891 | D:5      | Found a snail-covered altar of Cheibriados.
  1913 | D:5      | Became a worshipper of Cheibriados the Contemplative
  2010 | D:5      | Reached skill level 5 in Armour
  2010 | D:5      | Reached skill level 5 in Shields
  2643 | D:6      | Found a glowing drain.
  2677 | D:6      | Reached skill level 5 in Axes
  2686 | Sewer    | Entered a sewer
  2754 | Sewer    | Noticed Purgy
  2774 | Sewer    | Killed Purgy
  2774 | Sewer    | Reached XP level 8. HP: 53/73 MP: 8/10
  3058 | D:6      | Reached * piety under Cheibriados
  3222 | D:7      | Noticed a troll
  3242 | D:7      | Killed a troll
  3242 | D:7      | Reached skill level 5 in Fighting
  3736 | D:7      | Gained mutation: You passively map the area around you. [Deep Dwarf growth]
  3736 | D:7      | Reached XP level 9. HP: 76/81 MP: 12/12
  3960 | D:7      | Found a sparkling altar of Nemelex Xobeh.
  3960 | D:7      | Found a radiant altar of Vehumet.
  4040 | D:8      | Reached ** piety under Cheibriados
  4087 | D:8      | Found a bloodstained altar of Trog.
  4094 | D:8      | Reached skill level 5 in Spellcasting
  4134 | D:8      | Found an ancient bone altar of Kikubaaqudgha.
  4150 | D:8      | Noticed murphy's ghost (novice MiBe)
  4162 | D:8      | Killed murphy's ghost
  4230 | D:8      | Found a staircase to the Lair.
  4404 | D:8      | Found a flagged portal.
  4424 | Bailey   | Entered a bailey
  4547 | Bailey   | Reached *** piety under Cheibriados
  4800 | D:9      | Reached XP level 10. HP: 57/92 MP: 14/14
  5272 | D:9      | Noticed a two-headed ogre
  5286 | D:9      | Killed a two-headed ogre
  5302 | D:9      | Noticed Psyche
  5312 | D:9      | Killed Psyche
  5435 | D:9      | Reached **** piety under Cheibriados
  5478 | D:9      | Found a staircase to the Orcish Mines.
  5501 | Orc:1    | Entered Level 1 of the Orcish Mines
  5505 | Orc:1    | Noticed an orc warlord
  5506 | Orc:1    | Noticed an orc warlord
  5522 | Orc:1    | HP: 2/92 [orc warrior/hand axe (14)]
  5533 | Orc:1    | HP: 2/92 [orc (4)]
  5533 | Orc:1    | Slain by an orc warrior

Skill      XL: |  1  2  3  4  5  6  7  8  9 10 |
---------------+-------------------------------+-----
Spellcasting   | 1 2 3 4 5 |  5.9
Shields        | 4 5 6 7 8 |  8.4
Fighting       | 3 4 5 6 |  6.9
Axes           | 3 4 5 6 7 |  7.8
Armour         | 4 5 6 7 8 |  8.2

Action                   |  1- 3 |  4- 6 |  7- 9 | 10-12 || total
-------------------------+-------+-------+-------+-------++-------
Melee: War axe           |    77 |   186 |   389 |    51 ||   703
Invok: Bend Time         |       |       |     4 |       ||     4
 Abil: Heal Wounds       |     1 |     7 |    16 |    12 ||    36
  Use: Potion            |       |     2 |     7 |     3 ||    12
       Scroll            |       |     1 |    12 |       ||    13
  Eat: Bread ration      |     1 |       |     2 |       ||     3
       Meat ration       |       |       |       |     1 ||     1
Armor: Scale mail        |    52 |    62 |       |       ||   114
       Ring mail         |       |    56 |   279 |    43 ||   378
Dodge: Dodged            |    43 |    60 |   220 |    52 ||   375
Block: Shield            |    79 |   142 |   462 |   118 ||   801
